 Dungeon Crawl Stone Soup version 0.26-a0-712-ga5a9c9c9d0 (webtiles) character file.

Game seed: 6474012086875529772

5670 kae the Transmogrifier (level 10, -10/67 (69) HPs)
             Began as an Octopode Transmuter on Nov 5, 2020.
             Was a Believer of Cheibriados.
             Mangled by a meliai (shapeshifter) (12 damage)
             ... on level 11 of the Dungeon.
             The game lasted 00:10:43 (15597 turns).

kae the Transmogrifier (Octopode Transmuter)       Turns: 15597, Time: 00:10:43

HP:   -10/67 (69)   AC:  1    Str: 17    XL:     10   Next: 75%
MP:   30/32         EV: 18    Int: 22    God:    Cheibriados [**....]
Gold: 577           SH:  5    Dex: 17    Spells: 2/15 levels left

rFire    x . .     SeeInvis .     - Unarmed
rCold    + . .     Faith    .   (shield currently unavailable)
rNeg     . . .     Spirit   .   (helmet restricted)
rPois    .         Reflect  +   u - amulet "Gosiunt" {Reflect MP+9 SH+5}
rElec    .         Harm     .   o - ring of magical power
rCorr    .         Rampage  .   s - ring of ice
MR       .....                  (no ring)
Stlth    +++.......             (no ring)
HPRegen  0.21/turn              (no ring)
MPRegen  0.23/turn              (no ring)
                                (no ring)
                                (no ring)

@: lethally poisoned (-10 -> -19), blade tentacles, very slow
A: almost no armour, stealthy swim, amphibious, 8 rings, constrict 8, camouflage
1, gelatinous body 1
a: End Transformation, Bend Time, Renounce Religion


You were on level 11 of the Dungeon.
You worshipped Cheibriados.
Cheibriados was pleased with you.
You had blades for tentacles.
You visited 2 branches of the dungeon, and saw 12 of its levels.

You collected 577 gold pieces.

Inventory:

Jewellery
 o - a ring of magical power (left scythe-like blade)
 s - a ring of ice (right scythe-like blade)
 u - the amulet "Gosiunt" (around mantle) {Reflect MP+9 SH+5}
   (You found it on level 9 of the Dungeon)

   [amulet of reflection]

   It shields you and reflects attacks.
   It affects your magic capacity (+9).
   It affects your SH (+5).
Wands
 e - a wand of digging (5)
 n - a wand of polymorph (8)
 w - a wand of acid (17)
Scrolls
 a - 5 scrolls of teleportation
 c - 4 scrolls of identify
 g - 13 scrolls of remove curse
 k - 2 scrolls of fear
 m - a scroll of blinking
 r - 2 scrolls of amnesia
 t - 4 scrolls of enchant weapon
Potions
 b - a potion of haste
 d - 2 potions of magic
 f - 3 potions of lignification
 h - 3 potions of flight
 i - 3 potions of mutation
 j - 3 potions of curing
 l - 3 potions of stabbing
 p - 2 potions of berserk rage
 q - 2 potions of brilliance
 v - 2 potions of might
 x - a potion of heal wounds


   Skills:
 + Level 6.6 Fighting
 + Level 6.9 Dodging
 + Level 7.2 Unarmed Combat
 - Level 3.0 Spellcasting
 * Level 9.5 Transmutations
 - Level 4.0 Ice Magic
 - Level 3.0 Poison Magic


You had 2 spell levels left.
You knew the following spells:

 Your Spells              Type           Power        Failure   Level
a - Beastly Appendage     Tmut           #####.       10%         1
b - Spider Form           Tmut/Pois      ####......   24%         3
c - Blade Hands           Tmut           #####.....   38%         5
d - Ice Form              Ice/Tmut       #####...     41%         4

Your spell library contained the following spells:

 Spells                   Type           Power        Failure   Level
 Wereblood                Tmut           #####...     11%         2
 Sting                    Tmut/Pois      ####         14%         1
 Ensorcelled Hibernation  Hex/Ice        ###...       43%         2
 Poisonous Vapours        Pois/Air       #.....       45%         2
 Corona                   Hex            #......      50%         1
 Ignite Poison            Fire/Tmut/Pois ###.....     38%         3
 Mephitic Cloud           Conj/Pois/Air  #.......     67%         3
 Olgreb's Toxic Radiance  Pois           ###.....     77%         4
 Confusing Touch          Hex            #.......     78%         3
 Dazzling Flash           Conj/Hex       #.....       78%         3
 Tukima's Dance           Hex            #.......     78%         3


Dungeon Overview and Level Annotations

Branches:
Dungeon (11/15)            Temple (1/1) D:7            Lair (0/6) D:10
    Orc: D:9-12

Altars:
Ashenzari
Cheibriados
Dithmenos
Elyvilon
Fedhas
Gozag
Hepliaklqana
Kikubaaqudgha
Makhleb
Nemelex Xobeh
Okawaru
Qazlal
Ru
Sif Muna
Trog
Uskayaw
Vehumet
Wu Jian
Xom
Yredelemnul
Zin
The Shining One

Annotations:
D:8 Erica
D:9 exclusion: two-headed ogre
D:10 1 runed translucent door, emiel's ghost, journeyman TeAE


Innate Abilities, Weirdness & Mutations

You cannot wear most types of armour.
You are very stealthy in the water. (Stealth+)
You are amphibious.
You can wear up to eight rings at the same time.
You can use your tentacles to constrict eight enemies at once.
Your skin changes colour to match your surroundings (Stealth+).
Your rubbery body absorbs attacks. (AC +1, EV +1)


Message History

The meliai barely misses you. The meliai stings you.
You are poisoned.
The meliai poisons you! The cyclops hits you!!
You slash the cyclops!
You kill the cyclops!
Cheibriados appreciates the change of pace.
You feel sick. You block the meliai's attack. The meliai stings you.
The meliai hits you.
* * * LOW HITPOINT WARNING * * *
The meliai completely misses you.
Unknown command.
You closely miss the meliai. You grab the meliai. You constrict the meliai.
You feel sick. The meliai completely misses you. x2
The meliai closely misses you. The meliai misses you.
You hit the meliai.
The meliai is moderately wounded.
You constrict the meliai.
You feel sick. The meliai hits you!
* * * LOW HITPOINT WARNING * * *
The meliai misses you. The meliai hits you!
You die...

# .... #. #.#.## ##'#
#.#..#### #...#
#.##..... .....# ###
#.##..... ......#
##.###.##.._..
.......####...##.##.....
......(@(...............
......y####...##.#....#.
......# ##.###.######.
.....# #####.# #. #...#
#...# ## ##+# #...#
#...# ##.## ## #.# #.


You could see a meliai.

Vanquished Creatures
  A two-headed ogre (D:8)
  A cyclops (D:11)
  A wyvern (D:10)
  6 yaks
  3 sky beasts
  A black bear (D:10)
  A necrophage (D:7)
  3 orc warriors
  3 ice beasts (D:10)
  A phantom (D:9)
  2 centaurs
  3 ogres
  3 big kobolds
  3 bullfrogs
  A scorpion (D:10)
  11 wights
  A howler monkey (D:3)
  A bullfrog zombie (D:6)
  5 hounds
  4 jellies
  7 orc wizards
  2 bullfrog skeletons (D:6)
  4 orc priests
  Jessica (D:2)
  2 iguanas
  2 worker ants
  A hound zombie (D:10)
  Robin (D:4)
  5 gnolls
  A howler monkey skeleton (D:4)
  2 worker ant zombies
  9 adders
  2 white imps (D:6)
  An ufetubus (D:10)
  2 oozes
  An adder skeleton (D:6)
  A worm (D:2)
  3 dart slugs
  9 leopard geckos
  39 orcs
  5 giant cockroaches
  15 goblins
  22 hobgoblins
  8 jackals
  4 quokkas
  2 ball pythons
  12 bats
  7 frilled lizards
  21 kobolds
  A leopard gecko skeleton (D:5)
  A leopard gecko zombie (D:7)
  A quokka skeleton (D:8)
  14 rats
263 creatures vanquished.

Notes
Turn   | Place    | Note
-------+----------+-------------------------------------------
     0 | D:1      | kae the Octopode Transmuter began the quest for the Orb.
     0 | D:1      | Reached XP level 1. HP: 13/13 MP: 3/3
   281 | D:1      | Reached XP level 2. HP: 15/18 MP: 3/5
   754 | D:1      | Reached XP level 3. HP: 12/23 MP: 4/6
   799 | D:1      | Learned a level 3 spell: Spider Form
  1541 | D:2      | Reached XP level 4. HP: 28/28 MP: 7/7
  1561 | D:2      | Reached skill level 3 in Transmutations
  1969 | D:2      | Noticed Jessica
  1977 | D:2      | Killed Jessica
  2495 | D:2      | Reached skill level 1 in Poison Magic
  2495 | D:2      | Reached XP level 5. HP: 19/34 MP: 4/8
  4178 | D:3      | Reached XP level 6. HP: 30/39 MP: 8/10
  4321 | D:3      | Found a broken altar of Ashenzari.
  4321 | D:3      | Found a white marble altar of Elyvilon.
  4444 | D:3      | Learned a level 5 spell: Blade Hands
  4923 | D:4      | Found an iron altar of Okawaru.
  5055 | D:4      | Reached skill level 4 in Transmutations
  5411 | D:4      | Found a radiant altar of Vehumet.
  5420 | D:4      | Reached XP level 7. HP: 18/45 MP: 7/11
  5836 | D:4      | Noticed Robin
  5874 | D:4      | Killed Robin
  6219 | D:5      | Entered Level 5 of the Dungeon
  6513 | D:5      | Reached skill level 5 in Transmutations
  7044 | D:5      | Reached XP level 8. HP: 26/52 MP: 9/12
  7276 | D:5      | Found an opulent altar of Gozag.
  8748 | D:7      | Reached skill level 6 in Transmutations
  8867 | D:7      | Found a staircase to the Ecumenical Temple.
  8941 | D:7      | Learned a level 4 spell: Ice Form
  8958 | D:7      | Reached skill level 5 in Unarmed Combat
  9163 | Temple   | Entered the Ecumenical Temple
  9301 | Temple   | Became a worshipper of Cheibriados the Contemplative
 10057 | D:8      | Noticed a two-headed ogre
 10081 | D:8      | Killed a two-headed ogre
 10081 | D:8      | Reached skill level 5 in Dodging
 10081 | D:8      | Reached skill level 7 in Transmutations
 10081 | D:8      | Reached XP level 9. HP: 5/58 MP: 10/13
 10857 | D:8      | Noticed Erica
 10862 | D:8      | Found a stormy altar of Qazlal.
 10888 | D:8      | Reached skill level 5 in Fighting
 11715 | D:9      | Noticed a two-headed ogre
 12076 | D:9      | Reached * piety under Cheibriados
 12117 | D:9      | Got a heavily runed ruby amulet
 12977 | D:9      | Identified the amulet "Gosiunt" {Reflect MP+9 SH+5} (You
                  | found it on level 9 of the Dungeon)
 13045 | D:10     | Entered Level 10 of the Dungeon
 13053 | D:10     | Reached skill level 8 in Transmutations
 13197 | D:10     | Found a shimmering blue altar of Sif Muna.
 13203 | D:10     | Reached XP level 10. HP: 16/65 MP: 14/14
 13538 | D:10     | Found a shimmering altar of Xom.
 13538 | D:10     | Noticed emiel's ghost (journeyman TeAE)
 13539 | D:10     | Found a runed translucent door.
 13539 | D:10     | Noticed a +2 war axe of chaos
 14117 | D:10     | Reached ** piety under Cheibriados
 14409 | D:10     | Reached skill level 9 in Transmutations
 14764 | D:10     | Found a staircase to the Lair.
 15556 | D:11     | Found a hide-covered altar of Uskayaw.
 15581 | D:11     | Noticed a cyclops
 15595 | D:11     | Killed a cyclops
 15597 | D:11     | HP: 2/67 [meliai (shapeshifter) (11)]
 15597 | D:11     | Mangled by a meliai (shapeshifter)

Illustrated notes

Levels and vault maps discovered:
D:1:      minmay_arrival_checkered_box, layout_rooms, nrook_uturn,
          chequers_mini_garden
D:2:      layout_loops_cross, uniq_jessica
D:3:      layout_basic, grunt_temple_overflow_open
D:4:      kennysheep_goblin_castle, layout_basic, old_standard_altar,
          kennysheep_little_box
D:5:      layout_cave_pools, grunt_gozag_statues
D:6:      layout_basic, minmay_diced_spiral
D:7:      layout_cave_pools, temple_hall_moat, serial_rivers,
          chequers_serial_rivers_micro_e, chequers_serial_rivers_small_a,
          chequers_serial_rivers_micro_e, chequers_serial_rivers_small_b,
          hangedman_decor_slide_cut
D:8:      layout_basic, nicolae_qazlal_general_emergency, uniq_erica
D:9:      layout_basic
D:10:     layout_loops_corners, lair_entry_dummy, ebering_ghost_xom, tgw_sif
D:11:     layout_loops_corners, hiddenorc1_lemuel, serial_shops, shop_fountains,
          basic_altar, uniq_maurice
Temple:   minmay_crystal_spiral_temple

Skill      XL: |  1  2  3  4  5  6  7  8  9 10 |
---------------+-------------------------------+-----
Transmutations | 3 4 5 7 8 9 |  9.5
Poison Magic   | 1 2 3 |  3.0
Fighting       | 2 3 4 5 6 |  6.6
Dodging        | 3 5 6 |  6.9
Spellcasting   | 3 |  3.0
Unarmed Combat | 4 5 6 7 |  7.2
Ice Magic      | 2 4 |  4.0

Action                   |  1- 3 |  4- 6 |  7- 9 | 10-12 || total
-------------------------+-------+-------+-------+-------++-------
Melee: Unarmed           |    73 |   176 |   431 |   139 ||   819
       Kick              |    13 |    31 |     5 |       ||    49
       Constrict         |    21 |    37 |    31 |     5 ||    94
       Tentacles         |     7 |    21 |    26 |     7 ||    61
       Punch             |       |     1 |     1 |     2 ||     4
 Cast: Beastly Appendage |    17 |    25 |     3 |       ||    45
       Spider Form       |     2 |     8 |    30 |       ||    40
       Ice Form          |       |       |     6 |     8 ||    14
       Blade Hands       |       |       |       |     3 ||     3
Evoke: Wand              |       |       |       |     2 ||     2
  Use: Scroll            |       |       |    22 |     2 ||    24
       Potion            |       |       |     1 |       ||     1
 Stab: Sleeping          |     4 |     3 |     3 |       ||    10
Armor: Skin              |    15 |     9 |    22 |    21 ||    67
Dodge: Dodged            |    49 |   119 |   355 |    87 ||   610
Block: Other             |       |       |     2 |    28 ||    30
       Reflection        |       |       |       |     1 ||     1

Table legend: (Time is in decaauts)
 A = Elapsed time spent in this place.
 B = Non-inter-level travel time spent in this place.
 C = Inter-level travel time spent in this place.
 D = Time resting spent in this place.
 E = Time spent auto-exploring this place.
 F = Levels seen in this place.
 G = Mean time per level.
                   A        B        C        D        E       F      G
               +--------+--------+--------+--------+--------+-----+--------+
         Total |  16493 |  15934 |    559 |   3186 |  10721 |  12 | 1374.4 |
       Dungeon |  16315 |  15850 |    465 |   3186 |  10638 |  11 | 1483.2 |
        Temple |    178 |     84 |     94 |      0 |     83 |   1 |  178.0 |
               +--------+--------+--------+--------+--------+-----+--------+

Top non-repeatable levels by time:
    D:10: 2342 daAuts
     D:2: 2109 daAuts
     D:9: 1980 daAuts
     D:8: 1927 daAuts
     D:4: 1824 daAuts
     D:1: 1287 daAuts
     D:7: 1287 daAuts
     D:6: 1206 daAuts
     D:3: 1155 daAuts
     D:5: 1005 daAuts
    D:11: 188 daAuts
  Temple: 178 daAuts
